 Dungeon Crawl Stone Soup version 0.31.0-11-ge490571c62 (webtiles) character file.

Game seed: 5149762931343445675

9692 browni3141 the Cleaver (level 11, -3/100 HPs)
             Began as a Minotaur Fighter on Jan 27, 2024.
             Was a High Priest of Okawaru.
             Slain by an ogre
             ... wielding a +0 giant club
              (14 damage)
             ... on level 11 of the Dungeon.
             The game lasted 00:04:51 (8011 turns).

browni3141 the Cleaver (Minotaur Fighter)           Turns: 8011, Time: 00:04:51

Health: -3/100     AC: 16    Str: 24    XL:     11   Next: 26%
Magic:  9/10       EV: 10    Int:  5    God:    Okawaru [*****.]
Gold:   374        SH:  6    Dex: 11    Spells: 10/10 levels left

rFire   . . .        a - +0 war axe
rCold   + . .        c - +0 buckler
rNeg    . . .        p - +4 scale mail {rPois}
rPois   +            (helmet restricted)
rElec   .            s - +2 cloak
rCorr   .            (no gloves)
SInv    .            (no boots)
Will    .....        o - amulet of faith Stlth
                     h - ring of protection from cold
HPRegen 0.36/turn    (no ring)
MPRegen 0.12/turn

%: faith
@: studying Shields
A: horns 2, retaliatory headbutt
a: Renounce Religion, Heroism, Finesse, Duel


You were on level 11 of the Dungeon.
You worshipped Okawaru.
Okawaru was extremely pleased with you.
You visited 2 branches of the dungeon, and saw 12 of its levels.

You collected 374 gold pieces.

Inventory:

Hand Weapons
 a - a +0 war axe (weapon)
Missiles
 y - 7 javelins
 D - 2 throwing nets
 E - 5 silver javelins
 J - a curare-tipped dart (quivered)
Armour
 b - a +0 scale mail
 c - a +0 buckler (worn)
 p - a +4 scale mail of poison resistance (worn)
 s - a +2 cloak (worn)
Jewellery
 h - a ring of protection from cold (left hand)
 o - an amulet of faith (around neck)
 B - a ring of protection from fire
 F - a ring of wizardry
Wands
 e - a wand of flame (51)
 u - a wand of polymorph (5)
 w - a wand of mindburst (20)
 x - a wand of quicksilver (2)
Scrolls
 d - 11 scrolls of identify {unknown}
 j - a scroll of vulnerability {unknown}
 k - a scroll of brand weapon {unknown}
 l - 5 scrolls of teleportation {unknown}
 m - 3 scrolls of blinking {unknown}
 t - a scroll of revelation {unknown}
 z - 2 scrolls of noise {unknown}
 H - a scroll of enchant weapon {unknown}
 I - a scroll of immolation {unknown}
Potions
 f - a potion of resistance {unknown}
 g - 6 potions of curing {unknown}
 i - a potion of berserk rage {unknown}
 n - a potion of lignification {unknown}
 q - a potion of mutation {unknown}
 r - a potion of degeneration {unknown}
 v - a potion of brilliance {unknown}
 A - 2 potions of magic {unknown}
 C - a potion of enlightenment {unknown}
 G - a potion of experience {unknown}


   Skills:
 + Level 10.2 Fighting
 * Level 13.5 Axes
 + Level 10.2 Armour
 + Level 11.9 Shields


You had 10 spell levels left.
You didn't know any spells.
Your spell library contained the following spells:

 Spells                   Type           Power      Damage    Failure   Level
 Foxfire                  Conj/Fire      0%         2x1d4     77%         1
 Freeze                   Ice            0%         1d3       77%         1
 Magic Dart               Conj           0%         1d3       77%         1
 Blink                    Tloc           0%         N/A       88%         2
 Ensorcelled Hibernation  Hex/Ice        0%         N/A       88%         2
 Mercury Vapours          Alch/Air       0%         N/A       88%         2
 Frozen Ramparts          Ice            0%         1d1       98%         3
 Fugue of the Fallen      Necr           0%         N/A       98%         3
 Hailstorm                Conj/Ice       0%         3d5       98%         3
 Mephitic Cloud           Conj/Alch/Air  0%         N/A       98%         3
 Anguish                  Hex/Necr       0%         N/A       100%        4
 Freezing Cloud           Conj/Ice/Air   0%         6-21      100%        5
 Plasma Beam              Fire/Air       0%         2x1d10    100%        6
 Starburst                Conj/Fire      0%         6d3       100%        6
 Call Imp                 Summ           Unusable   N/A       N/A         2
 Summon Blazeheart Golem  Fire/Summ      Unusable   N/A       N/A         4
 Haunt                    Necr/Summ      Unusable   N/A       N/A         7

Dungeon Overview and Level Annotations

Branches:
Dungeon (11/15)            Temple (1/1) D:7             Orc (0/2) D:11
   Lair: D:8-11

Altars:
Ashenzari
Cheibriados
Dithmenos
Elyvilon
Fedhas
Gozag
Hepliaklqana
Kikubaaqudgha
Makhleb
Nemelex Xobeh
Okawaru
Qazlal
Ru
Trog
Uskayaw
Vehumet
Wu Jian
Xom
Yredelemnul
Zin
The Shining One

Shops:
D:1 =   D:9 (

Annotations:
D:4 1 exclusion


Innate Abilities, Weirdness & Mutations

You have a pair of horns on your head.
You reflexively headbutt those who attack you in melee.


Message History

You barely miss the orc warrior. Your headbutt misses the orc warrior.
The orc warrior is heavily wounded.
You closely miss the orc warrior. You completely miss the orc.
You closely miss the orc warrior.
You headbutt the orc warrior, but do no damage.
The orc warrior is heavily wounded.
You hit the orc but do no damage. You barely miss the orc warrior.
The orc warrior closely misses you. The orc closely misses you.
You furiously retaliate!
You headbutt the orc.
An ogre comes into view. It is wielding a +0 giant club.
The orc priest begins to cast a cantrip, but forgets the words!
The orc warrior hits you but does no damage.
You slash the orc warrior!
The orc warrior is almost dead.
You closely miss the orc.
You hit the orc warrior but do no damage.
The orc warrior barely misses you.
The orc priest calls down the wrath of Beogh upon you.
Beogh smites you!
The orc warrior hits you but does no damage.
You gain the combat prowess of a mighty hero.
The orc warrior hits you with a +0 halberd.
The orc warrior barely misses you. You furiously retaliate!
You headbutt the orc warrior! You hit the orc warrior.
You kill the orc warrior!
Okawaru accepts your kill.
You slash the orc warrior!
You hit the orc warrior but do no damage.
You hear a shout!
An orc comes into view. It is wielding a +0 whip.
The orc priest calls down the wrath of Beogh upon you.
Beogh smites you!
The orc warrior hits you but does no damage.
The orc shouts!
You barely miss the orc warrior.
You headbutt the orc warrior, but do no damage.
The orc warrior is almost dead.
You hit the orc warrior but do no damage.
You hear a shout!
You hit the orc warrior.
You kill the orc warrior!
Okawaru accepts your kill.
You can now enter into single combat with a foe.
Okawaru will now gift you throwing weapons as you gain piety.
You barely miss the orc warrior.
The orc warrior hits you with a +0 flail.
You closely miss the orc warrior. Your headbutt misses the orc warrior.
The orc warrior is severely wounded.
The orc warrior barely misses you.
The orc warrior hits you but does no damage.
An orc comes into view. It is wielding a +0 club.
You hit the orc warrior. Your headbutt misses the orc warrior.
The orc warrior is almost dead.
The orc warrior hits you from afar with a +0 trident!
You block the orc warrior's attack.
You hit the orc warrior but do no damage.
The orc warrior is almost dead.
You completely miss the orc warrior. You headbutt the orc warrior.
You kill the orc warrior!
Okawaru accepts your kill.
The orc warrior barely misses you. 2 orc priests, 2 orc warriors and 6 orcs come into view.
An orc priest is wielding a +2 vampiric hand axe.
Found a roughly hewn altar of Beogh.
The orc shouts! x2; The orc warrior shouts!
The orc priest shouts!
The orc shouts! x3; The orc warrior shouts!
The orc shouts!
You block the orc warrior's attack.
You hit the orc warrior but do no damage.
You headbutt the orc warrior.
The orc warrior is lightly wounded.
You slash the ogre! You block the orc warrior's attack.
The ogre completely misses you.
You hit the ogre.
The ogre is severely wounded.
You slash the orc warrior! You hit the ogre. Your headbutt misses the ogre.
The ogre is almost dead.
You hit the orc warrior but do no damage.
You block the orc warrior's attack. The ogre barely misses you.
You hit the ogre.
The ogre is almost dead.
You hit the orc warrior.
The orc warrior hits you but does no damage.
The orc priest begins to cast a cantrip, but forgets the words!
You barely miss the ogre. Your headbutt misses the ogre.
The ogre is almost dead.
You hit the orc warrior but do no damage.
You feel like a meek peon again.
You barely miss the ogre. Your headbutt misses the ogre.
The ogre is almost dead.
You hit the orc warrior but do no damage.
The orc warrior hits you with a +0 trident!
The ogre hits you with a +0 giant club!
You barely miss the ogre.
The ogre is almost dead.
You hit the orc warrior but do no damage.
The orc warrior hits you with a +0 trident!
The ogre hits you with a +0 giant club!
You die...

#.##'###
#.#....############
#.#....#..........#
#.#....#.###..###.#
#.#....#.# #..#
#.##'###.###..#
#.##.###.##)..#
###.#......#$)..#
#...########@####
#.####>....#oOooo#
#.#........#ooooo#
#.#........#ooooo#
#..........#ooo_.#
###....>...#o....#
#........#######
#..........#
###>.........#


You could see 4 orc warriors, an ogre, 3 orc priests and 11 orcs.

Vanquished Creatures
  Harold (D:9)
  2 two-headed ogres
  2 ugly things
  A gargoyle (D:11)
  Jeremiah (D:8)
  Sigmund (D:2)
  9 yaks (D:10)
  A shadow (D:9)
  A wyvern (D:8)
  Eustachio (D:5)
  A steam dragon (D:8)
  2 acid dragons
  Edmund (D:5)
  4 water moccasins
  8 orc warriors
  2 sky beasts
  2 black bears
  2 ogres
  2 centaurs
  3 kobold brigands
  A phantom (D:6)
  3 scorpions
  Blork the orc (D:4)
  18 killer bees
  6 howler monkeys
  3 hounds
  7 orc priests
  A bombardier beetle (D:6)
  Crazy Yiuf (D:5)
  A jelly (D:6)
  Jessica (D:2)
  A sleepcap (D:6)
  4 iguanas
  5 orc wizards
  4 adders
  2 shadow imps
  6 ufetubi
  2 ribbon worms
  3 dart slugs
  34 orcs
  2 endoplasms
  A giant cockroach (D:3)
  4 goblins
  4 hobgoblins
  4 jackals (D:5)
  3 quokkas
  8 ball pythons
  2 bats
  4 frilled lizards
  17 kobolds
  3 rats
203 creatures vanquished.

Notes
Turn   | Place    | Note
-------+----------+-------------------------------------------
     0 | D:1      | browni3141 the Minotaur Fighter began the quest for the
                  | Orb.
     0 | D:1      | Reached XP level 1. HP: 19/19 MP: 0/0
    27 | D:1      | Got the Parchment of the Swarm
    30 | D:1      | Found Ekatufux's One-of-a-Kind Rings.
   154 | D:2      | Noticed Jessica
   159 | D:2      | Reached XP level 2. HP: 23/27 MP: 1/1
   160 | D:2      | Killed Jessica
   161 | D:2      | Reached skill level 3 in Axes
   161 | D:2      | Reached XP level 3. HP: 23/33 MP: 2/2
   194 | D:2      | Noticed a black bear
   200 | D:2      | Killed a black bear
   201 | D:2      | Reached skill level 4 in Axes
   201 | D:2      | Reached XP level 4. HP: 22/41 MP: 3/3
   301 | D:2      | Reached XP level 5. HP: 47/47 MP: 4/4
   324 | D:2      | Noticed Sigmund
   342 | D:2      | Killed Sigmund
   343 | D:2      | Reached skill level 5 in Axes
   343 | D:2      | Reached XP level 6. HP: 29/55 MP: 5/5
   349 | D:2      | Identified the +1 sling of Miwiy {drain, *Corrode Fly
                  | Stlth+}
   572 | D:3      | Reached skill level 5 in Fighting
   621 | D:3      | Reached skill level 5 in Shields
   652 | D:3      | Reached skill level 5 in Armour
   700 | D:3      | Found a basalt altar of Yredelemnul.
  1003 | D:4      | Noticed Blork the orc
  1017 | D:4      | Killed Blork the orc
  1231 | D:4      | Reached skill level 6 in Axes
  1231 | D:4      | Reached XP level 7. HP: 61/61 MP: 6/6
  1547 | D:5      | Entered Level 5 of the Dungeon
  1770 | D:5      | Noticed Edmund
  1791 | D:5      | Killed Edmund
  1959 | D:5      | Reached skill level 7 in Axes
  2089 | D:5      | Noticed Eustachio
  2123 | D:5      | Killed Eustachio
  2358 | D:5      | Reached XP level 8. HP: 70/70 MP: 7/7
  2448 | D:5      | Found a runed translucent door.
  2449 | D:5      | Noticed Crazy Yiuf
  2539 | D:5      | Identified the +5 sling of Terrible Action {heavy, rN+
                  | Int+2}
  2626 | D:5      | Killed Crazy Yiuf
  2721 | D:6      | Reached skill level 8 in Axes
  3148 | D:6      | Found a sparkling altar of Nemelex Xobeh.
  3500 | D:7      | Reached skill level 9 in Axes
  3691 | D:7      | Found a staircase to the Ecumenical Temple.
  3701 | D:7      | Reached XP level 9. HP: 79/79 MP: 8/8
  3707 | Temple   | Entered the Ecumenical Temple
  3724 | Temple   | Became a worshipper of Warmaster Okawaru
  4257 | D:7      | Found a shadowy altar of Dithmenos.
  4560 | D:8      | Noticed a red ugly thing
  4564 | D:8      | Reached skill level 10 in Axes
  4572 | D:8      | Killed a red ugly thing
  4572 | D:8      | Reached * piety under Okawaru
  4709 | D:8      | Reached ** piety under Okawaru
  4753 | D:8      | Noticed Jeremiah
  4771 | D:8      | Killed Jeremiah
  4772 | D:8      | Reached skill level 11 in Axes
  4991 | D:8      | Noticed a two-headed ogre
  5007 | D:8      | Killed a two-headed ogre
  5008 | D:8      | Reached XP level 10. HP: 69/90 MP: 7/9
  5666 | D:9      | Found a hazy altar of Hepliaklqana.
  5803 | D:9      | Found a stormy altar of Qazlal.
  5810 | D:9      | Noticed a two-headed ogre
  5819 | D:9      | Killed a two-headed ogre
  5820 | D:9      | Reached skill level 12 in Axes
  5820 | D:9      | Reached skill level 10 in Shields
  5837 | D:9      | Found Ysoisili's Weapon Boutique.
  5923 | D:9      | Noticed Harold
  5942 | D:9      | Killed Harold
  5942 | D:9      | Reached *** piety under Okawaru
  6622 | D:10     | Entered Level 10 of the Dungeon
  6629 | D:10     | Found an ancient bone altar of Kikubaaqudgha.
  6641 | D:10     | Reached **** piety under Okawaru
  6949 | D:10     | Found a blossoming altar of Fedhas.
  7025 | D:10     | Reached skill level 13 in Axes
  7027 | D:10     | Reached XP level 11. HP: 93/99 MP: 10/10
  7422 | D:10     | Reached skill level 10 in Fighting
  7422 | D:10     | Reached skill level 10 in Armour
  7662 | D:10     | Noticed a purple ugly thing
  7680 | D:10     | Killed a purple ugly thing
  7850 | D:11     | Found a staircase to the Orcish Mines.
  7999 | D:11     | Reached ***** piety under Okawaru
  8011 | D:11     | Slain by an ogre

Illustrated notes

Levels and vault maps discovered:
D:1:      moated_graveyard_arrival, layout_loops_corners,
          dreamdust_wishing_well, nicolae_shop_unique_rings,
          reono_crystal_passage
D:2:      layout_rooms, serial_shops, shop, uniq_jessica, uniq_sigmund
D:3:      layout_basic, overflow_temple_1_default, solitary_fountain
D:4:      layout_rooms, tgw_sif, uniq_blork_the_orc
D:5:      layout_loops_cross, uniq_eustachio, uniq_edmund,
          uniq_crazy_yiuf_cottage
D:6:      layout_loops_ring, overflow_temple_1_default, glass_columns_a,
          minivault_4
D:7:      cheibrodos_quashed, layout_cave_pods, lemuel_tele_altar,
          minmay_temple_entry_junction_2
D:8:      layout_loops_ring, minmay_manual_mail, uniq_jeremiah
D:9:      layout_gridville, nicolae_hepliaklqana_hazy_memory,
          mainiacjoe_overflow_surrounded_room, serial_shops, shop,
          feat_on_display, uniq_harold
D:10:     layout_roguey, nicolae_overflow_crystal_walls,
          nicolae_kikubaaqudgha_miasma_corner, corexii_hall_statues_t,
          kennysheep_flooded_box, kennysheep_generic_room_2
D:11:     layout_basic, grunt_lair_entry_orc_guard_hut, special_room
          [special_room_orc], nicolae_trove_entry_isolated
Temple:   eino_temple_water

Skill      XL: |  1  2  3  4  5  6  7  8  9 10 11 |
---------------+----------------------------------+-----
Fighting       | 4 5 6 7 8 9 10 | 10.2
Axes           | 3 4 5 6 7 9 11 13 | 13.5
Armour         | 4 5 6 7 8 9 10 | 10.2
Shields        | 4 5 6 7 9 11 | 11.9

Action                     |  1- 3 |  4- 6 |  7- 9 | 10-12 || total
---------------------------+-------+-------+-------+-------++-------
  Melee: War axe           |    25 |    94 |   310 |   215 ||   644
         Headbutt          |     3 |    11 |    58 |    43 ||   115
  Throw: Dart              |       |       |     1 |     1 ||     2
 Invoke: Heroism           |       |       |     2 |     4 ||     6
  Evoke: Wand              |       |       |     6 |       ||     6
    Use: Potion            |       |     1 |       |       ||     1
 Armour: Scale mail        |    27 |    89 |   269 |   172 ||   557
  Dodge: Dodged            |    15 |    32 |   143 |   111 ||   301
  Block: Buckler           |     4 |    26 |    86 |    82 ||   198
